 Dungeon Sprint DCSS version 0.30-a0-1043-g60ff8d5f49 (webtiles) character file.

Game seed: 4156071365518973509

3100000 Danienth the Axe Maniac (level 17, -29/191 HPs)
             Began as a Minotaur Berserker on Apr 9, 2023.
             Was a High Priest of Makhleb.
             Annihilated by a destroyer
             ... wielding a +9 heavy great sword
              (73 damage)
             ... in the Dungeon (Sprint VIII: "Arena of Blood").
             The game lasted 00:04:29 (31 turns).

Danienth the Axe Maniac (Minotaur Berserker)          Turns: 31, Time: 00:04:30

Health: -29/191    AC:  4    Str: 26    XL:     17   Next: 45%
Magic:  14/23      EV: 24    Int:  6    God:    Makhleb [*****.]
Gold:   0          SH:  0    Dex: 12    Spells: 16/16 levels left

rFire   . . .      SeeInvis .    i - +∞ Axe of Woe
rCold   . . .      Faith    .    (shield currently unavailable)
rNeg    . . .      Spirit   .    b - +0 animal skin
rPois   .          Reflect  .    (helmet restricted)
rElec   .          Rampage  .    (no cloak)
rCorr   .          NoTele   +    (no gloves)
Will    +....                    (no boots)
Stlth   ++++                     (no amulet)
HPRegen 0.51/turn                k - +30 ring of slaying
MPRegen 0.18/turn                l - +30 ring of slaying

@: no status effects
A: horns 2, retaliatory headbutt
a: Renounce Religion, Minor Destruction, Lesser Servant of Makhleb, Major
Destruction, Greater Servant of Makhleb


You were in the Dungeon.
You worshipped Makhleb.
Makhleb was extremely pleased with you.
You visited 1 branch

Inventory:

Hand Weapons
 a - a +0 hand axe
 i - the +∞ Axe of Woe (weapon)
   (You found it in the Dungeon)
 j - a +9 war axe
Armour
 b - a +0 animal skin (worn)
Jewellery
 k - a +30 ring of slaying (left hand)
 l - a +30 ring of slaying (right hand)
Scrolls
 h - a scroll of blinking
Potions
 d - a potion of heal wounds
 e - a potion of haste
 f - 2 potions of magic
 g - a potion of berserk rage


   Skills:
 O Level 27 Fighting
 + Level 12.2(14.2) Short Blades
 + Level 13.2(15.4) Long Blades
 O Level 27 Axes
 + Level 13.2(22.8) Maces & Flails
 + Level 13.2(22.8) Polearms
 + Level 12.5(16.9) Staves
 + Level 11.5 Ranged Weapons
 + Level 10.6 Throwing
 O Level 27 Armour
 O Level 27 Dodging
 + Level 9.7 Stealth
 + Level 12.5 Shields
 + Level 11.5 Unarmed Combat
 + Level 10.6 Invocations
 + Level 9.7 Evocations


You had 16 spell levels left.
You didn't know any spells.
Your spell library was empty.

Dungeon Overview and Level Annotations

Branches:
Dungeon (1/1)

Altars:
Makhleb


Innate Abilities, Weirdness & Mutations

You have a pair of horns on your head.
You reflexively headbutt those who attack you in melee.


Message History

A destroyer comes into view. It is wielding a +9 heavy great sword.
The destroyer appears out of thin air!
A destroyer comes into view. It is wielding a +9 heavy great sword.
The large bag of meat shouts in stereo!
You hear a shout! x2
The destroyer points at you and mumbles some strange words.
The destroyer blinks!
A bag of meat comes into view. It is wielding a +9 war axe.
You hear a shout! x5
The large bag of meat moves out of view.
You hear a shout!
A demon appears!
The destroyer shouts!
You hear a shout! x5
The destroyer points at you and mumbles some strange words.
The destroyer blinks!
A bag of meat comes into view. It is wielding a +9 war axe.
The destroyer gestures at you while chanting.
The destroyer blinks!
You hear a shout!
A bag of meat comes into view. It is wielding a +9 war axe.
You hear a shout! x2
The destroyer points at you and mumbles some strange words.
The destroyer blinks!
You hear a shout!
A meat berserker comes into view. It is wielding a +9 battleaxe.
A sculptor of flesh comes into view. It is wielding a +9 great sword.
The destroyer is engulfed in blazing flames.
The destroyer points at you and mumbles some strange words.
The destroyer blinks!
You hear a shout! x3
The destroyer casts a spell at you.
The destroyer blinks!
You hear a shout! x6
The destroyer hits you with a +9 heavy great sword!!!!
Ouch! That really hurt!
* * * LOW HITPOINT WARNING * * *
The destroyer bites you!
* * * LOW HITPOINT WARNING * * *
The destroyer draws strength from your injuries!
The destroyer hits you with a +9 heavy great sword!!!!
You die...

#.......# ..
#§... ..#
...###... ..###.
......§.###......
#.....)§§☼..V...
......#.)§4.#..
..... #§§<._# .
.o....#))...#.z..
#...OO.OV@V§.....
....§..o###......
...###... .V###.
. #... ..# #...
o# ..... .o ..


Oo You could see 4 destroyers, a sculptor of flesh (wandering), 2 large bags of
meat, a meat berserker (berserk), a bag of meat and a friendly orange demon
(summoned).

Vanquished Creatures
  A vampire knight (D)
  7 ogres (D)
  A two-headed ogre (D)
  7 orcs (D)
16 creatures vanquished.

Notes
Turn   | Place    | Note
-------+----------+-------------------------------------------
     0 | D        | Found the +∞ Axe of Woe
     0 | D        | Danienth the Minotaur Berserker began the quest for the
                  | Orb.
     0 | D        | Reached XP level 1. HP: 19/19 MP: 0/0
     2 | D        | Noticed a bag of meat
     4 | D        | Fell from the grace of Trog
     4 | D        | Became a worshipper of Makhleb the Destroyer
     6 | D        | Noticed a meat berserker
     7 | D        | Noticed a meat berserker
     8 | D        | Noticed a bag of meat
    10 | D        | Killed a meat berserker
    11 | D        | Reached XP level 2. HP: 60/60 MP: 1/1
    11 | D        | Reached XP level 3. HP: 67/67 MP: 2/2
    11 | D        | Reached XP level 4. HP: 75/75 MP: 3/3
    11 | D        | Reached XP level 5. HP: 82/82 MP: 4/4
    11 | D        | Reached XP level 6. HP: 91/91 MP: 5/5
    11 | D        | Reached XP level 7. HP: 97/97 MP: 6/6
    11 | D        | Reached XP level 8. HP: 106/106 MP: 7/7
    11 | D        | Reached XP level 9. HP: 114/114 MP: 8/8
    11 | D        | Reached XP level 10. HP: 122/122 MP: 9/9
    11 | D        | Reached XP level 11. HP: 129/129 MP: 10/10
    11 | D        | Killed a meat berserker
    11 | D        | Reached * piety under Makhleb
    11 | D        | Killed a bag of meat
    11 | D        | Killed a bag of meat
    11 | D        | Noticed a bag of meat
    12 | D        | Reached skill level 27 in Fighting
    12 | D        | Reached skill level 27 in Axes
    12 | D        | Reached skill level 15 in Dodging
    12 | D        | Reached XP level 12. HP: 151/151 MP: 11/11
    12 | D        | Reached XP level 13. HP: 159/159 MP: 12/12
    12 | D        | Noticed a bag of meat
    12 | D        | Noticed a bag of meat
    13 | D        | Noticed a bag of meat
    15 | D        | Noticed a bag of meat
    16 | D        | Noticed a meat berserker
    17 | D        | Noticed a meat berserker
    18 | D        | Killed a bag of meat
    18 | D        | Reached ** piety under Makhleb
    19 | D        | Reached XP level 14. HP: 168/168 MP: 13/13
    19 | D        | Noticed a large bag of meat
    19 | D        | Noticed a meat berserker
    20 | D        | Killed a bag of meat
    20 | D        | Killed a bag of meat
    21 | D        | Killed a bag of meat
    21 | D        | Reached *** piety under Makhleb
    21 | D        | Noticed a meat berserker
    22 | D        | Killed a bag of meat
    22 | D        | Killed a meat berserker
    23 | D        | Reached skill level 27 in Armour
    23 | D        | Reached XP level 15. HP: 174/174 MP: 14/14
    23 | D        | Killed a meat berserker
    23 | D        | Reached **** piety under Makhleb
    23 | D        | Noticed a large bag of meat
    23 | D        | Noticed a meat berserker
    24 | D        | Reached skill level 27 in Dodging
    25 | D        | Killed a large bag of meat
    25 | D        | Killed a meat berserker
    25 | D        | Noticed a destroyer
    26 | D        | Reached XP level 16. HP: 106/183 MP: 14/20
    27 | D        | Killed a meat berserker
    27 | D        | Reached ***** piety under Makhleb
    27 | D        | Killed a destroyer
    27 | D        | Noticed a destroyer
    28 | D        | Reached skill level 10 in Ranged Weapons
    28 | D        | Reached skill level 10 in Unarmed Combat
    28 | D        | Reached XP level 17. HP: 126/191 MP: 14/23
    28 | D        | Killed a meat berserker
    28 | D        | Noticed a destroyer
    28 | D        | Noticed a meat berserker
    29 | D        | Reached skill level 10 in Throwing
    29 | D        | Reached skill level 10 in Invocations
    29 | D        | Noticed a large bag of meat
    30 | D        | Noticed a destroyer
    30 | D        | Noticed a destroyer
    30 | D        | Noticed a meat berserker
    31 | D        | Noticed a sculptor of flesh
    31 | D        | Annihilated by a destroyer

Illustrated notes

Levels and vault maps discovered:
D:        meatsprint

Skill      XL: |  1  2  3  4  5  6  7  8  9 10 11 12 13 14 15 16 17 |
---------------+----------------------------------------------------+-----
Fighting       | 21 27 | 27.0
Axes           | 21 27 | 27.0
Armour         | 12 16 18 27 | 27.0
Dodging        | 11 15 17 25 27 | 27.0
Short Blades   | 8 11 12 | 12.2
Long Blades    | 8 12 13 | 13.2
Maces & Flails | 8 12 13 | 13.2
Polearms       | 8 12 13 | 13.2
Staves         | 8 11 12 | 12.5
Ranged Weapons | 7 10 11 | 11.5
Throwing       | 6 9 10 | 10.6
Stealth        | 6 8 9 |  9.7
Shields        | 8 11 12 | 12.5
Unarmed Combat | 7 10 11 | 11.5
Invocations    | 6 9 10 | 10.6
Evocations     | 6 8 9 |  9.7

Action                     |  1- 3 |  4- 6 |  7- 9 | 10-12 | 13-15 | 16-18 || total
---------------------------+-------+-------+-------+-------+-------+-------++-------
  Melee: Executioner's axe |     1 |       |       |     1 |     6 |     2 ||    10
 Invoke: Lesser Servant of |       |       |       |       |       |     1 ||     1
    Use: Potion            |       |       |       |       |       |     1 ||     1

Table legend: (Time is in decaauts)
 A = Elapsed time spent in this place.
 B = Non-inter-level travel time spent in this place.
 C = Inter-level travel time spent in this place.
 D = Time resting spent in this place.
 E = Time spent auto-exploring this place.
 F = Levels seen in this place.
 G = Mean time per level.
                   A        B        C        D        E       F      G
               +--------+--------+--------+--------+--------+-----+--------+
         Total |     27 |     27 |      0 |      0 |      0 |   1 |   27.0 |
       Dungeon |     27 |     27 |      0 |      0 |      0 |   1 |   27.0 |
               +--------+--------+--------+--------+--------+-----+--------+

Top non-repeatable levels by time:
       D: 27 daAuts
